 Dungeon Sprint DCSS version 0.30-a0-691-g754fce4c43 (webtiles) character file.

Game seed: 948017836461360989

242 BigDaddyOpFi the Cleaver (level 6, -9/61 HPs)
             Began as a Hill Orc Berserker on Jan 19, 2023.
             Was a Priest of Trog.
             Mangled by a wyvern (18 damage)
             ... in the Dungeon (Sprint II: "The Violet Keep of Menkaure").
             The game lasted 00:00:50 (331 turns).

BigDaddyOpFi the Cleaver (Hill Orc Berserker)        Turns: 331, Time: 00:00:50

Health: -9/61      AC:  2    Str: 22    XL:     6   Next: 9%
Magic:  6/6        EV: 13    Int:  7    God:    Trog [***...]
Gold:   486        SH:  0    Dex: 10    Spells: 5/5 levels left

rFire   . . .      SeeInvis .    a - +0 hand axe
rCold   . . .      Faith    .    (no shield)
rNeg    . . .      Spirit   .    b - +0 animal skin
rPois   .          Reflect  .    (no helmet)
rElec   .          Harm     .    (no cloak)
rCorr   .          Rampage  .    (no gloves)
Will    ++...      NoTele   +    (no boots)
Stlth   +                        (no amulet)
HPRegen 1.30/turn                (no ring)
MPRegen 0.10/turn                (no ring)

@: strong-willed, on berserk cooldown, regenerating, hasted, very quick
A: no striking features
a: Renounce Religion, Berserk, Trog's Hand


You were in the Dungeon.
You worshipped Trog.
Trog was most pleased with you.
You visited 1 branch You collected 486 gold pieces.

Inventory:

Hand Weapons
 a - a +0 hand axe (weapon)
Armour
 b - a +0 animal skin (worn)
Scrolls
 h - a scroll of blinking
Potions
 f - 2 potions of magic
 g - a potion of berserk rage


   Skills:
 + Level 8.1 Fighting
 + Level 8.9 Axes
 + Level 6.9 Armour
 + Level 5.2 Dodging


You had 5 spell levels left.
You didn't know any spells.
Your spell library was empty.

Dungeon Overview and Level Annotations

Branches:
Dungeon (1/1)

Altars:


Message History

Found 243 gold pieces.
You're still recovering from your berserk rage.
You hit the wyvern but do no damage. The wyvern misses you.
The wyvern bites you!
Your skin crawls.
You feel strong-willed. The wyvern misses you. The wyvern closely misses you.
You closely miss the wyvern. The wyvern barely misses you.
The wyvern closely misses you.
Okay, then.
Okay, then.
You feel yourself speed up.
A water moccasin comes into view.
The wyvern bites you!
The wyvern hisses menacingly.
The wyvern completely misses you.
The water moccasin hisses angrily.
You hit the wyvern but do no damage. The wyvern bites you.
The wyvern completely misses you.
You slash the wyvern!
The wyvern is moderately wounded.
The wyvern bites you!
You hit the wyvern.
The wyvern is moderately wounded.
The wyvern closely misses you.
You closely miss the wyvern.
The wyvern is moderately wounded.
The wyvern bites you!
* * * LOW HITPOINT WARNING * * *
You feel better. The wyvern misses you.
The wyvern bites you but does no damage.
You barely miss the wyvern.
The wyvern is moderately wounded.
The wyvern bites you!!
* * * LOW HITPOINT WARNING * * *
You hit the wyvern.
The wyvern is heavily wounded.
You feel yourself speed up. The wyvern bites you!!
You die...

##+##
##...##
#..#÷.#
####.#÷## #
##.###÷##
S#
#...##.##l#
+.##†.<@l#
###.##.##$#
#.###+# .#
### #


You could see a water moccasin and 2 wyverns.

Vanquished Creatures
  4 necrophages (D)
  3 worms (D)
7 creatures vanquished.

Vanquished Creatures (others)
  Menkaure (D)
1 creature vanquished.

Grand Total: 8 creatures vanquished

Notes
Turn   | Place    | Note
-------+----------+-------------------------------------------
     0 | D        | BigDaddyOpFi the Hill Orc Berserker began the quest for the
                  | Orb.
     0 | D        | Reached XP level 1. HP: 19/19 MP: 1/1
     1 | D        | Noticed a necrophage
     1 | D        | Noticed a necrophage
     1 | D        | Noticed a necrophage
     1 | D        | Noticed a necrophage
     6 | D        | Killed a necrophage
     7 | D        | Reached skill level 5 in Fighting
     7 | D        | Reached XP level 2. HP: 30/30 MP: 2/2
     7 | D        | Reached XP level 3. HP: 37/37 MP: 3/3
     7 | D        | Reached XP level 4. HP: 44/44 MP: 4/4
    11 | D        | Killed a necrophage
    12 | D        | Reached skill level 5 in Armour
    12 | D        | Reached XP level 5. HP: 51/51 MP: 5/5
    16 | D        | Reached ** piety under Trog
    34 | D        | Reached skill level 5 in Dodging
    34 | D        | Reached XP level 6. HP: 36/61 MP: 6/6
    90 | D        | Killed Menkaure
   299 | D        | Reached *** piety under Trog
   320 | D        | Noticed a wyvern
   320 | D        | Noticed a wyvern
   324 | D        | Noticed a water moccasin
   331 | D        | Mangled by a wyvern

Illustrated notes

Levels and vault maps discovered:
D:        the_violet_keep_of_menkaure [sprint2_stairs_cluster_1,
          sprint2_shoproom, sprint2_temple, sprint2_basic_supplies,
          sprint2_obstacle_4, sprint2_obstacle_1, sprint2_obstacle_6,
          sprint2_obstacle_5, sprint2_obstacle_2, sprint2_timed_cluster_1,
          sprint2_smallroom_cluster_1, sprint2_smallroom_final_cluster_1,
          sprint2_transparent_cluster_1, sprint2_second_timed_cluster_1,
          sprint2_sniper_area_1, sprint2_heavy_combat_area_1,
          sprint2_mutation_trap_area_1, sprint2_forest_area_1,
          sprint2_light_combat_area_1, sprint2_behind_water_1,
          sprint2_near_end_vault_1]

Skill      XL: |  1  2  3  4  5 |
---------------+----------------+-----
Fighting       | 5 6 8 |  8.1
Axes           | 6 7 8 |  8.9
Armour         | 4 5 6 |  6.9
Dodging        | 3 4 5 |  5.2

Action                   |  1- 3 |  4- 6 || total
-------------------------+-------+-------++-------
Melee: Hand axe          |     3 |    45 ||    48
       Punch             |     1 |       ||     1
Invok: Berserk           |     1 |     1 ||     2
       Trog's Hand       |       |     1 ||     1
  Use: Potion            |       |     3 ||     3
Armor: Animal skin       |       |     1 ||     1
Dodge: Dodged            |     1 |    27 ||    28

Table legend: (Time is in decaauts)
 A = Elapsed time spent in this place.
 B = Non-inter-level travel time spent in this place.
 C = Inter-level travel time spent in this place.
 D = Time resting spent in this place.
 E = Time spent auto-exploring this place.
 F = Levels seen in this place.
 G = Mean time per level.
                   A        B        C        D        E       F      G
               +--------+--------+--------+--------+--------+-----+--------+
         Total |    338 |    338 |      0 |    243 |      0 |   1 |  338.0 |
       Dungeon |    338 |    338 |      0 |    243 |      0 |   1 |  338.0 |
               +--------+--------+--------+--------+--------+-----+--------+

Top non-repeatable levels by time:
       D: 338 daAuts
